 Dungeon Crawl Stone Soup version 0.24-a0-282-g1a68c91 (webtiles) character file.

Game seed: 10999473182074478812

366 mhoghedin the Sneak (level 6, -1/44 HPs)
             Began as a Vampire Enchanter on May 3, 2019.
             Slain by a centaur (8 damage)
             ... on level 5 of the Dungeon.
             The game lasted 00:15:52 (6847 turns).

mhoghedin the Sneak (Vampire Enchanter)             Turns: 6847, Time: 00:15:53

Health: -1/44      AC:  2    Str:  7    XL:     6   Next: 40%
Magic:  9/9        EV: 13    Int: 19    God:
Gold:   155        SH:  0    Dex: 15    Spells: 4/9 levels left

rFire    . . .     SeeInvis +   i - +2 dagger (venom)
rCold    + . .     Gourm    .   (no shield)
rNeg     + + .     Faith    .   b - +0 robe
rPois    +         Spirit   .   (no helmet)
rElec    .         Reflect  .   (no cloak)
rCorr    .         Harm     .   (no gloves)
MR       .....                  (no boots)
Stlth    +++++.....             (no amulet)
HPRegen  0.07/turn              (no ring)
MPRegen  0.11/turn              (no ring)

@: regenerating slowly
A: fangs 3, see invisible, unbreathing
a: Bat Form


You were on level 5 of the Dungeon.
You were near bloodless.

You visited 1 branch of the dungeon, and saw 5 of its levels.

You collected 155 gold pieces.

Inventory:

Hand Weapons
 e - a +0 falchion
   (You found it on level 4 of the Dungeon)
 i - a +2 dagger of venom (weapon)
   (You found it on level 1 of the Dungeon)
Armour
 b - a +0 robe (worn)
Jewellery
 a - an uncursed ring of resist corrosion {unknown}
   (You found it on level 4 of the Dungeon)
Wands
 k - a wand of acid (12)
   (You found it on level 3 of the Dungeon)
Scrolls
 c - 2 scrolls of teleportation
 h - 2 scrolls of magic mapping {!r}
 m - a scroll of enchant armour {unknown}
Potions
 d - a potion of curing
 f - 2 potions of haste
 g - a potion of flight {unknown}
 j - 2 potions of degeneration {unknown}
 l - a potion of agility
 q - 3 potions of blood {@q1}


   Skills:
 + Level 2.1 Fighting
 + Level 3.0 Short Blades
 - Level 2.1 Dodging
 - Level 7.0 Stealth
 - Level 2.0 Spellcasting
 - Level 6.7 Hexes
 + Level 1.6 Ice Magic


You had 4 spell levels left.
You knew the following spells:

 Your Spells              Type           Power        Failure   Level  Hunger
a - Ensorcelled Hibernat  Hex/Ice        ###...       4%          2    ###....
c - Confuse               Hex            ####....     3%          3    ###....

Your spell library contained the following spells:

 Spells                   Type           Power        Failure   Level  Hunger
 Corona                   Hex            ####...      1%          1    #......
 Tukima's Dance           Hex            ####....     3%          3    ###....
 Dazzling Spray           Conj/Hex       ##....       13%         3    ###....


Dungeon Overview and Level Annotations

Branches:
Dungeon (5/15)
 Temple: D:4-7

Altars:
Hepliaklqana

Annotations:
D:4 Pikel


Innate Abilities, Weirdness & Mutations

You heal slowly.
You have razor-sharp teeth.
You have supernaturally acute eyesight. (SInv)
You can survive without breathing.


Message History

The giant cockroach is too close now for your liking.
A shadow imp comes into view.
A leopard gecko comes into view.
You hit the giant cockroach but do no damage.
The giant cockroach is poisoned.
The giant cockroach bites you but does no damage.
You hit the giant cockroach.
You kill the giant cockroach!
Your Fighting skill increases to level 2!
The jelly quivers.
The helpless shadow imp fails to defend itself.
You impale the shadow imp!!
You kill the shadow imp!
The helpless leopard gecko fails to defend itself.
You bite the leopard gecko, and draw its blood!
You feel better.
You feel slightly less thirsty.
You impale the leopard gecko!!
You kill the leopard gecko!
You regained 6 hp, and now have 36/44 hp.
The jelly jiggles.
You hit the jelly. The acid corrodes you!
Your hands burn!
The jelly barely misses you.
You take 5 damage, and have 32/44 hp.
You hit the jelly. The acid corrodes you!
Your hands burn!
The jelly hits you. The acid corrodes you!
You are splashed with acid!
You take 13 damage, and have 19/44 hp.
MASSIVE DAMAGE!!
Unknown command.
Aim: a jelly (moderately wounded, chance to defeat MR: 56%)
The jelly resists with significant effort.
The jelly hits you.
You are splashed with acid!
* * * LOW HITPOINT WARNING * * *
You take 9 damage, and have 10/44 hp.
MASSIVE DAMAGE!!
You now have 7/9 mp.
Aim: a jelly (moderately wounded, chance to defeat MR: 56%)
The jelly looks drowsy...
You now have 5/9 mp.
The helpless jelly fails to defend itself.
You impale the jelly!!
You kill the jelly!
Your Short Blades skill increases to level 3!
You start resting.
You are no longer corroded.
You regained 3 hp, and now have 13/44 hp.
MP restored: 9 You start resting.
The adder is too close now for your liking.
You regained 3 hp, and now have 16/44 hp.
Found an escape hatch in the floor.
Unknown command.
Okay, then.
Unknown command.
You start resting.
The adder is too close now for your liking.
You start resting.
You feel almost devoid of blood!
You regained 5 hp, and now have 23/44 hp.
You start resting.
One of your 6 potions of blood {@q1} rots away.
Unknown command.
You start resting.
One of your 5 potions of blood {@q1} rots away.
Unknown command.
You start resting.
One of your 4 potions of blood {@q1} rots away.
You regained 11 hp, and now have 36/44 hp.
You now have 155 gold pieces (gained 16).
f - 2 potions of haste You see here a leopard gecko skeleton.
You see here a ring mail.
m - a scroll labeled SOSUAK KI MYPS The centaur is too close now for your liking.
A centaur is nearby!
You see here 13 gold pieces.
The centaur wields a +0 shortbow.
The centaur shoots an arrow.
The arrow hits you!
You see here an arrow.
You take 8 damage, and have 31/44 hp.
The centaur unwields a +0 shortbow.
The centaur barely misses you. The centaur hits you.
You take 4 damage, and have 27/44 hp.
You barely miss the centaur. The centaur closely misses you.
You hit the centaur but do no damage.
The centaur is poisoned.
The centaur hits you.
You take 5 damage, and have 22/44 hp.
You are too injured to fight recklessly!
You are too injured to fight recklessly!
You are too injured to fight recklessly!
You are too injured to fight recklessly!
You completely miss the centaur. The centaur barely misses you. x2
You hit the centaur. The centaur hits you!
You take 7 damage, and have 15/44 hp.
You hit the centaur.
The centaur looks as sick as possible!
The centaur hits you!
* * * LOW HITPOINT WARNING * * *
You take 8 damage, and have 7/44 hp.
Unknown command.
You hit the centaur.
The centaur looks as sick as possible!
The centaur closely misses you. The centaur hits you!
You die...

. ... ....### ........S #.##
##..#.. ..........##..# #......
...... #...#.## #...... ....#
#.....####....<.
....##..#....###.....
#......##...###..... ..
#.c....####รท........
..###..@...###..........
........(....>........... ##..
......................#..
#......#......$.............##.
#......##..#..................#
#.....[ #..#.........##........
#.....###............##........
##...#.............###........
#......[......................


You could see a centaur.

Vanquished Creatures
  A scorpion (D:5)
  A jelly (D:5)
  A bullfrog zombie (D:3)
  An iguana (D:4)
  A worker ant (D:5)
  7 adders
  A gnoll (D:4)
  A shadow imp (D:5)
  5 oozes
  An adder skeleton (D:4)
  3 worms
  2 dart slugs (D:1)
  5 leopard geckos
  4 orcs
  3 ball pythons
  4 giant cockroaches
  8 goblins
  10 hobgoblins
  8 jackals
  7 bats
  A frilled lizard (D:2)
  7 kobolds
  A quokka skeleton (D:4)
  5 rats
88 creatures vanquished.

Notes
Turn   | Place    | Note
-------+----------+-------------------------------------------
     0 | D:1      | mhoghedin the Vampire Enchanter began the quest for the
                  | Orb.
     0 | D:1      | Reached XP level 1. HP: 13/13 MP: 3/3
    44 | D:1      | HP: 3/13 [ooze (4)]
   287 | D:1      | Reached skill level 5 in Stealth
   287 | D:1      | Reached XP level 2. HP: 19/19 MP: 5/5
   336 | D:1      | Reached skill level 5 in Hexes
   348 | D:1      | HP: 4/19 [jackal (1)]
   397 | D:1      | HP: 4/19 [jackal (1)]
   681 | D:1      | Learned a level 2 spell: Ensorcelled Hibernation
  1223 | D:1      | Reached XP level 3. HP: 21/24 MP: 6/6
  2071 | D:2      | Reached skill level 6 in Stealth
  2562 | D:2      | Reached XP level 4. HP: 28/30 MP: 7/7
  2635 | D:2      | Reached skill level 6 in Hexes
  2673 | D:2      | Learned a level 3 spell: Confuse
  3823 | D:3      | Reached skill level 7 in Stealth
  3823 | D:3      | Reached XP level 5. HP: 16/35 MP: 8/8
  4749 | D:4      | Noticed a slave
  4749 | D:4      | Noticed Pikel
  4774 | D:4      | Noticed a necrophage
  4810 | D:4      | Noticed a slave
  4810 | D:4      | Noticed a slave
  4810 | D:4      | Noticed a slave
  5069 | D:4      | Reached skill level 1 in Fighting
  5096 | D:4      | HP: 6/37 [slave[Pikel] (5)]
  5681 | D:5      | Entered Level 5 of the Dungeon
  5688 | D:5      | Reached skill level 2 in Short Blades
  5701 | D:5      | Noticed a centaur
  5735 | D:5      | HP: 3/37 [scorpion (10)]
  5736 | D:5      | Reached skill level 1 in Ice Magic
  5740 | D:5      | HP: 3/37 [worker ant (4)]
  5741 | D:5      | Reached XP level 6. HP: 3/44 MP: 9/9
  6075 | D:4      | Found a hazy altar of Hepliaklqana.
  6093 | D:4      | HP: 3/44 [gnoll/+0 halberd (12)]
  6401 | D:5      | Reached skill level 2 in Fighting
  6424 | D:5      | HP: 10/44 [acid (8)]
  6426 | D:5      | Reached skill level 3 in Short Blades
  6846 | D:5      | HP: 7/44 [centaur (8)]
  6847 | D:5      | Slain by a centaur

Levels and vault maps discovered:
D:1:      erik_arrival_gehennom, layout_basic
D:2:      layout_basic, first_ration
D:3:      layout_loops_ring, corexii_item_surrounded_by_moat,
          guppyfry_early_orc_mine
D:4:      layout_basic, old_standard_altar, kennysheep_potato, uniq_pikel
D:5:      layout_cave_pools, dk_noncrumbling_3

Skill      XL: |  1  2  3  4  5  6 |
---------------+-------------------+-----
Stealth        | 5 6 7 |  7.0
Hexes          | 5 6 |  6.7
Fighting       | 1 2 |  2.1
Short Blades   | 2 3 |  3.0
Ice Magic      | 1 |  1.6
Dodging        | |  2.1
Spellcasting   | |  2.0

Action                   |  1- 3 |  4- 6 || total
-------------------------+-------+-------++-------
Melee: Dagger            |   152 |   160 ||   312
       Bite              |    13 |     9 ||    22
 Cast: Corona            |     9 |       ||     9
       Ensorcelled Hiber |    11 |    11 ||    22
 Abil: End Transformatio |     2 |     4 ||     6
       Bat Form          |     2 |     4 ||     6
  Use: Potion            |     3 |    10 ||    13
       Scroll            |       |     5 ||     5
 Stab: Sleeping          |    15 |    20 ||    35
Armor: Robe              |    25 |    16 ||    41
Dodge: Dodged            |    95 |   108 ||   203

Table legend:
 A = Non-vault XP
 B = Vault XP
 C = Vault XP percentage of total XP
 D = Non-vault monster count
 E = Vault monster count
 F = Vault count percentage of total count
                 A         B        C        D         E       F
            +---------+---------+-------+---------+---------+-------
      Total |     489 |      35 |   6.7 |      76 |      12 |  13.6
            +---------+---------+-------+---------+---------+-------
        D:1 |      53 |      18 |  25.4 |      25 |       5 |  16.7
        D:2 |      50 |       0 |   0.0 |      17 |       0 |   0.0
        D:3 |      90 |      17 |  15.9 |      12 |       7 |  36.8
        D:4 |     108 |       0 |   0.0 |      10 |       0 |   0.0
        D:5 |     188 |       0 |   0.0 |      12 |       0 |   0.0
            +---------+---------+-------+---------+---------+-------

Levels and vault maps discovered:
D:1:      erik_arrival_gehennom, layout_basic
D:2:      layout_basic, first_ration
D:3:      layout_loops_ring, corexii_item_surrounded_by_moat,
          guppyfry_early_orc_mine
D:4:      layout_basic, old_standard_altar, kennysheep_potato, uniq_pikel
D:5:      layout_cave_pools, dk_noncrumbling_3

Table legend:
 A = Turns spent in this place as a percentage of turns spent in the entire game.
 B = Non-inter-level travel turns spent in this place as a percentage of non-inter-level travel turns spent in the entire game.
 C = Inter-level travel turns spent in this place as a percentage of turns spent in this place.
 D = Turns resting spent in this place as a percentage of non-inter-level travel turns spent in this place.
 E = Turns spent auto-exploring this place as a percentage of non-inter-level travel turns spent in this place.
 F = Non-inter-level travel turns spent in this place divided by the number of levels of this place that you've seen.
                   A       B       C       D       E      F
               +-------+-------+-------+-------+-------+----------------------
         Total | 100.0 | 100.0 |   2.6 |  57.1 |  24.0 | 1334.0
       Dungeon | 100.0 | 100.0 |   2.6 |  57.1 |  24.0 | 1334.0
               +-------+-------+-------+-------+-------+----------------------

Table legend:
 A = Kills in this place as a percentage of kills in entire the game.
 B = Kills by you in this place as a percentage of kills by you in the entire game.
 C = Kills by friends in this place as a percentage of kills by friends in the entire game.
 D = Other kills in this place as a percentage of other kills in the entire game.
 E = Experience gained in this place as a percentage of experience gained in the entire game.
 F = Experience gained in this place divided by the number of levels of this place that you have seen.
                   A       B       C       D       E      F
               +-------+-------+-------+-------+-------+----------------------
         Total | 100.0 | 100.0 |   N/A |   N/A | 100.0 | 104.8
       Dungeon | 100.0 | 100.0 |   N/A |   N/A | 100.0 | 104.8
               +-------+-------+-------+-------+-------+----------------------
